 Dungeon Crawl Stone Soup version 0.25.1-9-gc5326a611f (webtiles) character file.

Game seed: 1666691705778388317

34 raceaflais the Shooter (level 3, 0/29 HPs)
             Began as a Centaur Hunter on Dec 28, 2020.
             Slain by an adder (2 damage)
             ... on level 2 of the Dungeon.
             The game lasted 00:07:17 (1420 turns).

raceaflais the Shooter (Centaur Hunter)             Turns: 1420, Time: 00:07:17

Health: 0/29       AC:  6    Str: 14    XL:     3   Next: 14%
Magic:  3/3        EV:  7    Int: 10    God:
Gold:   59         SH:  0    Dex: 10    Spells: 2/2 levels left

rFire    . . .     SeeInvis .   a - +1 shortbow
rCold    . . .     Gourm    .   (shield currently unavailable)
rNeg     . . .     Faith    .   n - +0 scale mail
rPois    .         Spirit   .   (helmet restricted)
rElec    .         Reflect  .   (no cloak)
rCorr    .         Harm     .   (no gloves)
MR       .....                  (no barding)
Stlth    ..........             (no amulet)
HPRegen  0.09/turn              (no ring)
MPRegen  0.08/turn              (no ring)

@: lethally poisoned (0 -> -3), very quick
A: large, hooves 3, horns 1, blurry vision 1, deformed body, speed 2, mutation
resistance 1, tough skin 3
a: no special abilities


You were on level 2 of the Dungeon.
You were not hungry.

You visited 1 branch of the dungeon, and saw 3 of its levels.

You collected 59 gold pieces.

Inventory:

Hand Weapons
 a - a +1 shortbow (weapon)
 b - a +0 short sword
 d - a +0 dagger
 e - a +0 club
 k - a +0 whip
 l - a +0 dagger
 o - a +0 short sword
 r - a cursed -1 club
 s - a +0 club
 u - a +0 short sword
 w - a cursed -3 dagger
Missiles
 h - 27 stones (quivered)
 i - 16 sling bullets
 p - 19 bolts
Armour
 c - a +0 leather armour
 g - a +0 leather armour
 n - a +0 scale mail (worn)
 q - a +0 robe
 x - a +0 buckler
Scrolls
 m - 3 scrolls of identify
 t - a scroll of teleportation
 v - a scroll of remove curse {unknown}
Comestibles
 f - 3 rations


   Skills:
 + Level 2.0 Fighting
 + Level 6.5 Bows
 + Level 1.4 Dodging
 + Level 0.6 Stealth


You had 2 spell levels left.
You didn't know any spells.
Your spell library was empty.

Dungeon Overview and Level Annotations

Branches:
Dungeon (3/15)

Altars:
Xom


Innate Abilities, Weirdness & Mutations

You have hooves in place of feet.
Armour fits poorly on your strangely shaped body.
You cover ground very quickly.
You have extremely tough skin. (AC +3)
You have a pair of small horns on your head.
Scrolls take you a little longer to read.
You are somewhat resistant to further mutation.


Message History

* * * LOW HITPOINT WARNING * * *
The adder closely misses you.
There is a stone staircase leading down here.
You feel sick. The bat closely misses you. The bat hits you but does no damage.
The kobold hits you.
* * * LOW HITPOINT WARNING * * *
The adder bites you but does no damage. The kobold hits you but does no damage.
You climb downwards.
There is a stone staircase leading up here.
The bat hits you but does no damage. The bat hits you.
* * * LOW HITPOINT WARNING * * *
The adder bites you but does no damage. The adder barely misses you.
You climb upwards.
* * * LOW HITPOINT WARNING * * *
You feel sick.
There is a stone staircase leading down here.
The bat barely misses you.
You begin reading the scroll.
You continue reading the scroll.
The bat hits you but does no damage. The adder bites you.
You die...

...#..((.....(!.#
...#....(.(.(.....#
...[...(.).....##.#
......(........#
..#
......(........# .#
.....#........## .
....##..[.....## #.
....#..bS......#
... #(.@(.K....# ..
#..._......#
#..........#
#..........#
##........##
##......## ########


You could see an adder, a bat and a kobold.

Vanquished Creatures
  2 worms (D:2)
  A leopard gecko (D:1)
  A bat (D:1)
  5 goblins
  2 hobgoblins (D:1)
  3 jackals (D:1)
  A ball python (D:1)
  3 frilled lizards (D:1)
  3 kobolds
  6 rats
27 creatures vanquished.

Notes
Turn   | Place    | Note
-------+----------+-------------------------------------------
     0 | D:1      | raceaflais the Centaur Hunter began the quest for the Orb.
     0 | D:1      | Reached XP level 1. HP: 17/17 MP: 1/1
   304 | D:1      | Reached XP level 2. HP: 24/24 MP: 2/2
   316 | D:1      | Reached skill level 6 in Bows
   362 | D:1      | Gained mutation: Scrolls take you a little longer to read.
                  | [potion of mutation]
   362 | D:1      | Gained mutation: You are somewhat resistant to further
                  | mutation. [potion of mutation]
   362 | D:1      | Gained mutation: You have a pair of small horns on your
                  | head. [potion of mutation]
   752 | D:2      | Reached XP level 3. HP: 9/29 MP: 3/3
   891 | D:2      | Found a shimmering altar of Xom.
  1420 | D:2      | Slain by an adder

Illustrated notes

Levels and vault maps discovered:
D:1:      dpeg_arrival_concentric_ovals, layout_basic, minmay_misc_feat_chi
D:2:      layout_rooms, overflow_temple_1_default, first_ration,
          chequers_ecumenical_altar_grove, minmay_rat_hole
D:3:      minmay_recursive_quarters, layout_rooms

Skill      XL: |  1  2 |
---------------+-------+-----
Bows           | 6 |  6.5
Fighting       | |  2.0
Dodging        | |  1.4
Stealth        | |  0.6

Action                   || total
-------------------------++-------
 Fire: Shortbow          ||    85
Throw: Stone             ||    19
  Use: Scroll            ||     4
       Potion            ||     2
  Eat: Ration            ||     1
Armor: Leather armour    ||     1
       Scale mail        ||    36
Dodge: Dodged            ||    29
